 Dungeon Crawl Stone Soup version 0.29.1 (webtiles) character file.

Game seed: 5085915799848653549

22156 qw the Severer (level 12, -18/115 HPs)
             Began as a Minotaur Berserker on Sept 13, 2022.
             Was a Priest of Trog.
             Demolished by Sonja
             ... wielding a +0 dagger of distortion
              (19 damage)
             ... on level 3 of the Lair of Beasts.
             The game lasted 00:05:33 (12812 turns).

qw the Severer (Minotaur Berserker)                Turns: 12812, Time: 00:05:33

Health: -18/115    AC: 24    Str: 27    XL:     12   Next: 60%
Magic:  11/11      EV:  9    Int: 10    God:    Trog [***...]
Gold:   385        SH: 10    Dex: 10    Spells: 11/11 levels left

rFire   + . .      SeeInvis .   Y - +3 war axe
rCold   + . .      Faith    .   r - +0 buckler
rNeg    . . .      Spirit   .   j - +1 plate armour
rPois   .          Reflect  +   b - +2 hat
rElec   .          Harm     .   p - scarf {rC+ rF+}
rCorr   .          Rampage  .   v - +1 pair of gloves
Will    .....                   e - +2 pair of boots
Stlth   ..........              h - amulet of reflection
HPRegen 0.29/turn               f - +4 ring of slaying {mikee}
MPRegen 0.12/turn               d - +6 ring of intelligence

@: lethally poisoned (-18 -> -25), on berserk cooldown, slowed, very slow
A: horns 2, retaliatory headbutt
a: Renounce Religion, Berserk, Trog's Hand


You were on level 3 of the Lair of Beasts.
You worshipped Trog.
Trog was most pleased with you.
You visited 2 branches of the dungeon, and saw 11 of its levels.
You visited the Abyss 1 time.

You collected 497 gold pieces.
You spent 112 gold pieces at shops.


Innate Abilities, Weirdness & Mutations

You have a pair of horns on your head.
You reflexively headbutt those who attack you in melee.


   Skills:
 - Level 13.0 Fighting
 - Level 16.0 Axes
 + Level 2.0 Throwing
 - Level 12.1 Armour
 - Level 5.1 Dodging
 - Level 8.2 Shields


You had 11 spell levels left.
You didn't know any spells.
Your spell library was empty.

Inventory:

Hand Weapons
 m - a +0 morningstar
 Y - a +3 war axe (weapon)
Missiles
 l - 5 boomerangs (quivered)
Armour
 b - a +2 hat (worn)
 e - a +2 pair of boots (worn)
 g - a +2 cloak
 j - a +1 plate armour (worn)
 p - a scarf of resistance (worn)
 r - a +0 buckler (worn)
 v - a +1 pair of gloves (worn)
Jewellery
 c - a ring of positive energy
 d - a +6 ring of intelligence (right hand)
 f - a +4 ring of slaying (left hand) {mikee}
 h - an amulet of reflection (around neck)
Scrolls
 a - 3 scrolls of teleportation
 i - 5 scrolls of identify
Potions
 k - a potion of resistance
 n - 2 potions of heal wounds
 o - a potion of might
 s - 2 potions of haste
 t - 2 potions of curing

Dungeon Overview and Level Annotations

Branches:
Dungeon (8/15)             Temple (0/1) D:4            Lair (3/5) D:8
 Shoals (0/4) Lair:2
  Snake: Lair:2-3    Spider: Lair:2-3

Altars:
Cheibriados
Elyvilon
Gozag
Hepliaklqana
Okawaru
Ru
Sif Muna
Trog
Wu Jian
Xom
Zin

Shops:
D:4 ?   D:8 :*

Annotations:
Lair:3 Sonja


Message History

The reaper barely misses you.
You slash the reaper! You headbutt the reaper.
You kill the reaper!
Trog accepts your kill.
You completely miss the tentacled starspawn.
You feel very sick.
A small abomination comes into view.
A raiju comes into view.
The tentacled starspawn bites you but does no damage.
The tentacled starspawn tentacle-slaps you but does no damage.
Your Armour skill increases to level 12!
The raiju barks!
You slice the tentacled starspawn!!
The tentacled starspawn is severely damaged.
The substance of the Abyss twists violently, and a gateway leading out appears!
You feel sick.
You hear a bark!
A small abomination comes into view.
You feel very sick.
A tentacle flies out from the starspawn's body!
The starspawn tentacle grabs you.
You stop ascending the stairs.
The starspawn tentacle constricts you. The small abomination hits you!
A starspawn tentacle comes into view.
The starspawn tentacle's grasp on you weakens, but your attempt to escape fails.
You feel a strong urge to attack something.
You feel very sick.
You escape the starspawn tentacle's grasp.
You are no longer berserk.
You are exhausted.
You feel yourself slow down.
You feel sick.
The tentacled starspawn bites you but does no damage.
The tentacled starspawn tentacle-slaps you but does no damage.
The small abomination hits you but does no damage.
You pass through the gate.
Welcome back to the Lair of Beasts!
Level annotation: Sonja You feel very sick.
Sonja hits you but does no damage. Space warps around you.
You block Sonja's attack. Sonja hits you but does no damage.
Space warps horribly around you!!
You die...

... .. ~... ..~
~~... ..~~##
##P~...
..~~#~##~#~~...
..~~~~~~~~~~...
..~~~~X~~~~~...
.......@.......
#.....x.K.....#
.#............#
.#.............
...............
.......<.......
..............#
..............#
#.............#


You could see a tentacled starspawn, Sonja and a small abomination.

Vanquished Creatures
  A tentacled starspawn (Abyss:1)
  A reaper (Abyss:1)
  A hydra (Lair:2)
  A death yak (Lair:2)
  Nergalle (Lair:1)
  2 glowing orange brains (Abyss:1)
  2 starcursed masses (Abyss:1)
  Pikel (D:6)
  A worldbinder (Abyss:1)
  An oklob plant (Lair:1)
  A draconian zombie (Abyss:1)
  Maurice (D:8)
  A merfolk siren (Lair:2)
  A black mamba (Lair:1)
  A torpor snail (Lair:2)
  6 elephants (Lair:1)
  An orange demon (Abyss:1)
  2 rime drakes
  A cane toad (Lair:2)
  An efreet (Abyss:1)
  3 komodo dragons
  2 ancient zymes (Abyss:1)
  Grinder (D:6)
  3 raiju (Abyss:1)
  Sigmund (D:5)
  A vampire (D:7)
  2 wraiths
  14 yaks
  2 large abominations (Abyss:1)
  3 basilisks
  A steam dragon (D:7)
  Edmund (D:6)
  A neqoxec (Abyss:1)
  5 water moccasins
  5 black bears
  2 orc warriors (D:8)
  An ice beast (D:7)
  5 wolves (Lair:2)
  A sky beast (D:8)
  A phantom (D:6)
  2 centaurs
  3 lemures (D:6)
  A small abomination (Abyss:1)
  3 kobold brigands
  11 bullfrogs
  A gnoll sergeant (D:7)
  A necrophage (D:4)
  3 scorpions (D:5)
  5 wights (D:7)
  3 howler monkeys (D:8)
  An electric eel (Lair:3)
  A jelly (D:7)
  2 hounds
  A quasit (Abyss:1)
  5 orc priests
  3 iron imps (Abyss:1)
  4 iguanas
  8 orc wizards
  4 gnolls (D:7)
  10 adders
  2 shadow imps
  2 white imps
  2 ufetubi
  3 worms
  5 dart slugs
  24 orcs
  10 bats
  6 endoplasms
  3 giant cockroaches
  7 goblins
  4 hobgoblins
  5 jackals
  2 quokkas
  8 ball pythons
  A frilled lizard (D:3)
  19 kobolds
  2 rats
  3 starspawn tentacles (Abyss:1)
263 creatures vanquished.

Vanquished Creatures (others)
  A hobgoblin (D:3)
  A kobold (D:3)
  8 fungi
  A lurking horror (Abyss:1)
  13 plants
  6 starspawn tentacles
30 creatures vanquished.

Grand Total: 293 creatures vanquished

Notes
Turn   | Place    | Note
-------+----------+-------------------------------------------
     0 | D:1      | qw the Minotaur Berserker began the quest for the Orb.
     0 | D:1      | Reached XP level 1. HP: 19/19 MP: 0/0
     0 | D:1      | 0 ||| qw: Version: 0.1-a-119-g272c26d
     0 | D:1      | 0 ||| qw: Game counter: 11291
     0 | D:1      | 0 ||| qw: Always use a shield: true
     0 | D:1      | 0 ||| qw: Do Orc after D:15 true
     0 | D:1      | 0 ||| qw: Do second Lair branch before Depths: true
     0 | D:1      | 0 ||| qw: Lair rune preference: random
     0 | D:1      | 0 ||| qw: Plans: Normal
     0 | D:1      | 0 ||| PLANNING D:1-11
   121 | D:1      | Reached skill level 4 in Axes
   481 | D:1      | Reached XP level 2. HP: 16/26 MP: 1/1
   524 | D:1      | 524 ||| Stepping ~*~*~tactically~*~*~ (stealth).
   526 | D:1      | 526 ||| Stepping ~*~*~tactically~*~*~ (stealth).
   529 | D:1      | 529 ||| Stepping ~*~*~tactically~*~*~ (stealth).
   531 | D:1      | 531 ||| Stepping ~*~*~tactically~*~*~ (stealth).
   532 | D:1      | 532 ||| Stepping ~*~*~tactically~*~*~ (stealth).
   536 | D:1      | 536 ||| Stepping ~*~*~tactically~*~*~ (stealth).
   537 | D:1      | 537 ||| Stepping ~*~*~tactically~*~*~ (stealth).
   538 | D:1      | 538 ||| Stepping ~*~*~tactically~*~*~ (stealth).
   539 | D:1      | 539 ||| Stepping ~*~*~tactically~*~*~ (stealth).
   793 | D:1      | 793 ||| DROPPING +0 whip.
   845 | D:1      | 845 ||| Stepping ~*~*~tactically~*~*~ (stealth).
   848 | D:1      | 848 ||| Stepping ~*~*~tactically~*~*~ (stealth).
   851 | D:1      | Reached skill level 5 in Axes
   855 | D:1      | 855 ||| Stepping ~*~*~tactically~*~*~ (stealth).
   886 | D:1      | Reached XP level 3. HP: 26/31 MP: 2/2
  1114 | D:1      | 1114 ||| UPGRADING to +0 ring mail.
  1124 | D:1      | 1124 ||| DROPPING +0 animal skin.
  1125 | D:1      | 1125 ||| UPGRADING to +0 cloak.
  1130 | D:1      | 1130 ||| UPGRADING to +0 plate armour.
  1140 | D:1      | 1140 ||| DROPPING +0 ring mail.
  1141 | D:1      | 1141 ||| UPGRADING to amulet of reflection.
  1146 | D:1      | 1146 ||| UPGRADING to +4 ring of slaying {mikee}.
  1147 | D:1      | 1147 ||| READING scroll labelled VOULIO WOBLA.
  1148 | D:1      | 1148 ||| READING scroll labelled QEFORE WAITIEHE.
  1167 | D:2      | Found a faded altar of an unknown god.
  1183 | D:2      | 1183 ||| Stepping ~*~*~tactically~*~*~ (stealth).
  1187 | D:2      | 1187 ||| INVOKING Berserk.
  1336 | D:2      | Found a shimmering blue altar of Sif Muna.
  1593 | D:2      | 1593 ||| READING 2 scrolls of enchant armour.
  1593 | D:2      | 1593 ||| ENCHANTING +0 cloak.
  1594 | D:2      | 1594 ||| READING scroll of enchant armour.
  1594 | D:2      | 1594 ||| ENCHANTING +1 cloak.
  1882 | D:2      | Reached ** piety under Trog
  1905 | D:2      | 1905 ||| UPGRADING to +2 pair of boots.
  1910 | D:2      | 1910 ||| READING 2 scrolls labelled YNODUGHABER.
  1914 | D:2      | 1914 ||| READING scroll labelled LUXORI QEMAGY.
  1939 | D:3      | 1939 ||| Stepping ~*~*~tactically~*~*~ (stealth).
  1940 | D:3      | 1940 ||| Stepping ~*~*~tactically~*~*~ (stealth).
  1947 | D:3      | 1947 ||| Stepping ~*~*~tactically~*~*~ (stealth).
  1953 | D:3      | 1953 ||| Stepping ~*~*~tactically~*~*~ (stealth).
  2009 | D:3      | 2009 ||| Stepping ~*~*~tactically~*~*~ (hiding).
  2035 | D:3      | 2035 ||| Stepping ~*~*~tactically~*~*~ (stealth).
  2039 | D:3      | Found a shimmering blue altar of Sif Muna.
  2057 | D:3      | Reached skill level 6 in Axes
  2057 | D:3      | Reached XP level 4. HP: 39/39 MP: 3/3
  2110 | D:3      | Reached skill level 3 in Armour
  2171 | D:3      | Found a shimmering altar of Xom.
  2274 | D:3      | Found a snail-covered altar of Cheibriados.
  2410 | D:3      | 2410 ||| INVOKING Berserk.
  2666 | D:3      | 2666 ||| UPGRADING to +6 ring of intelligence.
  2691 | D:4      | 2691 ||| PLANNING OSSUARY
  2701 | D:4      | Reached XP level 5. HP: 45/45 MP: 4/4
  2754 | D:4      | Reached skill level 7 in Axes
  2760 | D:4      | Found Sotuheil's Magic Scroll Boutique.
  2770 | D:4      | 2770 ||| BUYING 3 scrolls of identify (84 gold).
  2770 | D:4      | Bought 3 scrolls of identify for 84 gold pieces
  2770 | D:4      | 2770 ||| SHOPLISTING scroll of enchant armour (105 gold,
                  | have 51).
  2770 | D:4      | 2770 ||| BUYING scroll of identify (28 gold).
  2770 | D:4      | Bought a scroll of identify for 28 gold pieces
  2770 | D:4      | 2770 ||| SHOPLISTING scroll of teleportation (42 gold, have
                  | 23).
  2828 | D:4      | Found an iron altar of Okawaru.
  3026 | D:4      | 3026 ||| FLEEEEING.
  3029 | D:4      | 3029 ||| FLEEEEING.
  3037 | D:4      | 3037 ||| Stepping ~*~*~tactically~*~*~ (hiding).
  3043 | D:4      | 3043 ||| INVOKING Berserk.
  3049 | D:4      | Reached XP level 6. HP: 53/53 MP: 5/5
  3101 | D:4      | 3101 ||| Stepping ~*~*~tactically~*~*~ (stealth).
  3115 | D:4      | Identified the +4 dagger "Oguuddoh" {flame, rElec}
  3119 | D:4      | 3119 ||| Stepping ~*~*~tactically~*~*~ (stealth).
  3122 | D:4      | 3122 ||| FLEEEEING.
  3123 | D:4      | 3123 ||| FLEEEEING.
  3124 | D:4      | 3124 ||| FLEEEEING.
  3125 | D:4      | 3125 ||| FLEEEEING.
  3126 | D:4      | 3126 ||| FLEEEEING.
  3127 | D:4      | 3127 ||| FLEEEEING.
  3128 | D:4      | 3128 ||| FLEEEEING.
  3129 | D:4      | 3129 ||| FLEEEEING.
  3130 | D:4      | 3130 ||| FLEEEEING.
  3131 | D:4      | 3131 ||| FLEEEEING.
  3132 | D:4      | 3132 ||| FLEEEEING.
  3133 | D:4      | 3133 ||| FLEEEEING.
  3134 | D:4      | 3134 ||| FLEEEEING.
  3135 | D:4      | 3135 ||| FLEEEEING.
  3136 | D:4      | 3136 ||| STAIRDANCE
  3181 | D:3      | 3181 ||| READING scroll labelled HOCOLI DIUDY.
  3182 | D:3      | 3182 ||| READING 5 scrolls of identify.
  3182 | D:3      | 3182 ||| IDENTIFYING brown potion
  3183 | D:3      | 3183 ||| READING 4 scrolls of identify.
  3183 | D:3      | 3183 ||| IDENTIFYING lumpy sapphire potion
  3184 | D:3      | 3184 ||| READING 3 scrolls of identify.
  3184 | D:3      | 3184 ||| IDENTIFYING amethyst potion
  3185 | D:3      | 3185 ||| READING 2 scrolls of identify.
  3185 | D:3      | 3185 ||| IDENTIFYING inky potion
  3186 | D:3      | 3186 ||| DROPPING potion of invisibility.
  3187 | D:3      | 3187 ||| DROPPING potion of attraction.
  3188 | D:3      | 3188 ||| DROPPING potion of flight.
  3189 | D:3      | 3189 ||| DROPPING potion of ambrosia.
  3194 | D:4      | 3194 ||| INVOKING Berserk.
  3367 | D:4      | Found a glowing silver altar of Zin.
  3389 | D:4      | Found a staircase to the Ecumenical Temple.
  3395 | D:4      | 3395 ||| RIP OSSUARY
  3431 | D:4      | 3431 ||| PLANNING D:1-11
  3603 | D:4      | 3603 ||| UPGRADING to +1 hat.
  3639 | D:5      | Entered Level 5 of the Dungeon
  3641 | D:5      | 3641 ||| STAIRDANCE
  3658 | D:5      | 3658 ||| Stepping ~*~*~tactically~*~*~ (stealth).
  3696 | D:5      | 3696 ||| Stepping ~*~*~tactically~*~*~ (stealth).
  3699 | D:5      | Noticed Sigmund
  3700 | D:5      | 3700 ||| FLEEEEING.
  3701 | D:5      | 3701 ||| FLEEEEING.
  3702 | D:5      | 3702 ||| FLEEEEING.
  3703 | D:5      | 3703 ||| FLEEEEING.
  3704 | D:5      | 3704 ||| FLEEEEING.
  3707 | D:5      | 3707 ||| FLEEEEING.
  3708 | D:5      | 3708 ||| FLEEEEING.
  3712 | D:5      | 3712 ||| FLEEEEING.
  3713 | D:5      | 3713 ||| FLEEEEING.
  3714 | D:5      | 3714 ||| STAIRDANCE
  3910 | D:5      | 3910 ||| STAIRDANCE
  4014 | D:5      | 4014 ||| INVOKING Berserk.
  4018 | D:5      | Killed Sigmund
  4019 | D:5      | Reached skill level 8 in Axes
  4157 | D:5      | Reached XP level 7. HP: 60/60 MP: 6/6
  4169 | D:5      | 4169 ||| FLEEEEING.
  4255 | D:5      | Reached skill level 9 in Axes
  4328 | D:5      | Found an ornate altar of the Wu Jian Council.
  4456 | D:5      | 4456 ||| READING scroll of enchant armour.
  4456 | D:5      | 4456 ||| ENCHANTING +1 hat.
  4465 | D:5      | 4465 ||| Stepping ~*~*~tactically~*~*~ (stealth).
  4517 | D:5      | 4517 ||| Stepping ~*~*~tactically~*~*~ (stealth).
  4519 | D:5      | 4519 ||| Stepping ~*~*~tactically~*~*~ (hiding).
  4523 | D:5      | 4523 ||| INVOKING Berserk.
  4813 | D:5      | Reached skill level 10 in Axes
  4933 | D:5      | 4933 ||| INVOKING Berserk.
  5105 | D:5      | 5105 ||| INVOKING Berserk.
  5108 | D:5      | Reached XP level 8. HP: 69/69 MP: 7/7
  5388 | D:5      | 5388 ||| DROPPING orb of mayhem.
  5430 | D:6      | 5430 ||| READING scroll of enchant armour.
  5430 | D:6      | 5430 ||| ENCHANTING +0 plate armour.
  5607 | D:6      | Noticed Edmund
  5608 | D:6      | 5608 ||| INVOKING Berserk.
  5614 | D:6      | Killed Edmund
  5615 | D:6      | Reached skill level 6 in Fighting
  5959 | D:6      | Noticed Grinder
  5960 | D:6      | 5960 ||| INVOKING Trog's Hand.
  5964 | D:6      | 5964 ||| INVOKING Berserk.
  5968 | D:6      | Killed Grinder
  6124 | D:6      | Noticed Pikel
  6125 | D:6      | 6125 ||| Stepping ~*~*~tactically~*~*~ (stealth).
  6129 | D:6      | 6129 ||| Stepping ~*~*~tactically~*~*~ (stealth).
  6137 | D:6      | 6137 ||| Stepping ~*~*~tactically~*~*~ (stealth).
  6139 | D:6      | 6139 ||| FLEEEEING.
  6140 | D:6      | 6140 ||| FLEEEEING.
  6141 | D:6      | 6141 ||| FLEEEEING.
  6142 | D:6      | 6142 ||| FLEEEEING.
  6143 | D:6      | 6143 ||| FLEEEEING.
  6144 | D:6      | 6144 ||| FLEEEEING.
  6145 | D:6      | 6145 ||| FLEEEEING.
  6146 | D:6      | 6146 ||| FLEEEEING.
  6147 | D:6      | 6147 ||| FLEEEEING.
  6148 | D:6      | 6148 ||| FLEEEEING.
  6149 | D:6      | 6149 ||| FLEEEEING.
  6150 | D:6      | 6150 ||| FLEEEEING.
  6151 | D:6      | 6151 ||| FLEEEEING.
  6152 | D:6      | 6152 ||| FLEEEEING.
  6153 | D:6      | 6153 ||| FLEEEEING.
  6154 | D:6      | 6154 ||| FLEEEEING.
  6155 | D:6      | 6155 ||| FLEEEEING.
  6156 | D:6      | 6156 ||| FLEEEEING.
  6157 | D:6      | 6157 ||| FLEEEEING.
  6158 | D:6      | 6158 ||| FLEEEEING.
  6159 | D:6      | 6159 ||| FLEEEEING.
  6160 | D:6      | 6160 ||| FLEEEEING.
  6175 | D:6      | Killed Pikel
  6176 | D:6      | Reached skill level 12 in Axes
  6457 | D:6      | Reached XP level 9. HP: 75/75 MP: 8/8
  6487 | D:6      | Reached skill level 6 in Armour
  6853 | D:6      | 6853 ||| UPGRADING to +0 buckler.
  6858 | D:6      | 6858 ||| READING scroll labelled ALUAXZ ODWICE.
  6859 | D:6      | 6859 ||| DRINKING 3 murky coppery potions.
  6860 | D:6      | 6860 ||| DRINKING 2 orange potions.
  6861 | D:6      | 6861 ||| DRINKING 2 grey potions.
  6862 | D:6      | 6862 ||| READING 3 scrolls of identify.
  6862 | D:6      | 6862 ||| IDENTIFYING viscous green potion
  6863 | D:6      | 6863 ||| READING 2 scrolls of identify.
  6863 | D:6      | 6863 ||| IDENTIFYING glowing sapphire potion
  6864 | D:6      | 6864 ||| DROPPING potion of lignification.
  6928 | D:7      | 6928 ||| Stepping ~*~*~tactically~*~*~ (hiding).
  7002 | D:7      | Reached skill level 1 in Shields
  7026 | D:7      | 7026 ||| Stepping ~*~*~tactically~*~*~ (stealth).
  7027 | D:7      | 7027 ||| Stepping ~*~*~tactically~*~*~ (stealth).
  7035 | D:7      | 7035 ||| Stepping ~*~*~tactically~*~*~ (stealth).
  7036 | D:7      | 7036 ||| Stepping ~*~*~tactically~*~*~ (stealth).
  7037 | D:7      | 7037 ||| DROPPING +0 vampiric whip.
  7038 | D:7      | 7038 ||| Stepping ~*~*~tactically~*~*~ (stealth).
  7079 | D:7      | Reached skill level 3 in Shields
  7112 | D:7      | 7112 ||| INVOKING Berserk.
  7280 | D:7      | 7280 ||| INVOKING Berserk.
  7387 | D:7      | Found a white marble altar of Elyvilon.
  7438 | D:7      | 7438 ||| SWAPPING to +3 war axe.
  7439 | D:7      | 7439 ||| DROPPING +0 hand axe.
  7543 | D:7      | Reached skill level 13 in Axes
  7590 | D:7      | Reached *** piety under Trog
  7651 | D:7      | 7651 ||| READING scroll labelled BEYRCH DEUTHU LETY.
  7652 | D:7      | 7652 ||| READING scroll labelled DYHURRU XUENGA.
  7815 | D:7      | 7815 ||| READING scroll labelled ZAIHAN UP LE OST.
  7816 | D:7      | 7816 ||| READING 6 scrolls of identify.
  7816 | D:7      | 7816 ||| IDENTIFYING green potion
  7817 | D:7      | 7817 ||| READING 5 scrolls of identify.
  7817 | D:7      | 7817 ||| IDENTIFYING fuming yellow potion
  7818 | D:7      | 7818 ||| DROPPING potion of brilliance.
  8029 | D:8      | 8029 ||| INVOKING Berserk.
  8220 | D:8      | Found a flagged portal.
  8226 | D:8      | Reached XP level 10. HP: 88/88 MP: 9/9
  8234 | D:8      | 8234 ||| Stepping ~*~*~tactically~*~*~ (stealth).
  8239 | D:8      | 8239 ||| Stepping ~*~*~tactically~*~*~ (hiding).
  8240 | D:8      | 8240 ||| Stepping ~*~*~tactically~*~*~ (hiding).
  8249 | D:8      | 8249 ||| FLEEEEING.
  8252 | D:8      | 8252 ||| FLEEEEING.
  8253 | D:8      | 8253 ||| FLEEEEING.
  8255 | D:8      | 8255 ||| FLEEEEING.
  8256 | D:8      | 8256 ||| FLEEEEING.
  8257 | D:8      | 8257 ||| FLEEEEING.
  8258 | D:8      | 8258 ||| FLEEEEING.
  8261 | D:8      | 8261 ||| FLEEEEING.
  8263 | D:8      | 8263 ||| FLEEEEING.
  8265 | D:8      | 8265 ||| FLEEEEING.
  8266 | D:8      | 8266 ||| FLEEEEING.
  8267 | D:8      | 8267 ||| FLEEEEING.
  8268 | D:8      | 8268 ||| FLEEEEING.
  8269 | D:8      | 8269 ||| FLEEEEING.
  8272 | D:8      | 8272 ||| FLEEEEING.
  8273 | D:8      | 8273 ||| FLEEEEING.
  8275 | D:8      | 8275 ||| FLEEEEING.
  8276 | D:8      | 8276 ||| FLEEEEING.
  8277 | D:8      | 8277 ||| FLEEEEING.
  8315 | D:8      | 8315 ||| DROPPING +1 flail of protection.
  8353 | D:8      | Noticed Maurice
  8366 | D:8      | 8366 ||| DRINKING potion of curing.
  8366 | D:8      | 8366 ||| (to cure confusion)
  8376 | D:8      | Killed Maurice
  8427 | D:8      | 8427 ||| FLEEEEING.
  8557 | D:8      | 8557 ||| Stepping ~*~*~tactically~*~*~ (stealth).
  8561 | D:8      | 8561 ||| Stepping ~*~*~tactically~*~*~ (stealth).
  8585 | D:8      | Reached skill level 14 in Axes
  8597 | D:8      | 8597 ||| Stepping ~*~*~tactically~*~*~ (stealth).
  8749 | D:8      | Found Allaroih's Book Emporium.
  8774 | D:8      | Found Tuzxet's Changing Room.
  8808 | D:8      | Found a staircase to the Lair.
  8809 | D:8      | 8809 ||| INVOKING Berserk.
  9091 | D:8      | 9091 ||| Stepping ~*~*~tactically~*~*~ (hiding).
  9173 | D:8      | Found a sacrificial altar of Ru.
  9173 | D:8      | Found a bloodstained altar of Trog.
  9306 | D:8      | 9306 ||| FLEEEEING.
  9307 | D:8      | 9307 ||| FLEEEEING.
  9308 | D:8      | 9308 ||| FLEEEEING.
  9309 | D:8      | 9309 ||| FLEEEEING.
  9310 | D:8      | 9310 ||| FLEEEEING.
  9314 | D:8      | 9314 ||| FLEEEEING.
  9502 | D:8      | Found an opulent altar of Gozag.
  9520 | D:8      | 9520 ||| PLANNING LAIR
  9563 | Lair:1   | Entered Level 1 of the Lair of Beasts
  9563 | Lair:1   | Noticed Nergalle
  9567 | Lair:1   | 9567 ||| INVOKING Berserk.
  9576 | Lair:1   | Killed Nergalle
  9577 | Lair:1   | Reached skill level 15 in Axes
  9705 | Lair:1   | Noticed an elephant
  9705 | Lair:1   | Noticed an elephant
  9709 | Lair:1   | Noticed an elephant
  9710 | Lair:1   | Noticed an elephant
  9710 | Lair:1   | Noticed an elephant
  9712 | Lair:1   | Noticed an elephant
  9714 | Lair:1   | Killed an elephant
  9715 | Lair:1   | Reached skill level 9 in Fighting
  9717 | Lair:1   | Killed an elephant
  9718 | Lair:1   | Reached skill level 3 in Dodging
  9722 | Lair:1   | Killed an elephant
  9725 | Lair:1   | Killed an elephant
  9729 | Lair:1   | 9729 ||| INVOKING Berserk.
  9730 | Lair:1   | Killed an elephant
  9732 | Lair:1   | Killed an elephant
  9733 | Lair:1   | Reached XP level 11. HP: 66/97 MP: 10/10
 10042 | Lair:1   | 10042 ||| INVOKING Berserk.
 10048 | Lair:1   | Reached skill level 16 in Axes
 10190 | Lair:1   | Reached **** piety under Trog
 10303 | Lair:1   | 10303 ||| Stepping ~*~*~tactically~*~*~ (stealth).
 10308 | Lair:1   | 10308 ||| INVOKING Berserk.
 10524 | Lair:1   | Noticed an oklob plant
 10526 | Lair:1   | Found a hazy altar of Hepliaklqana.
 10528 | Lair:1   | 10528 ||| INVOKING Berserk.
 10532 | Lair:1   | Killed an oklob plant
 10533 | Lair:1   | Reached skill level 6 in Shields
 10767 | Lair:1   | 10767 ||| UPGRADING to scarf of resistance.
 10777 | Lair:1   | 10777 ||| UPGRADING to +0 pair of gloves.
 10782 | Lair:1   | 10782 ||| READING scroll labelled ULEQEE XEORENO.
 10783 | Lair:1   | 10783 ||| READING 6 scrolls of identify.
 10783 | Lair:1   | 10783 ||| IDENTIFYING metallic clear potion
 10784 | Lair:1   | 10784 ||| READING 5 scrolls of identify.
 10784 | Lair:1   | 10784 ||| IDENTIFYING golden potion
 10785 | Lair:1   | 10785 ||| DROPPING potion of degeneration.
 10786 | Lair:1   | 10786 ||| DROPPING potion of magic.
 10830 | Lair:2   | 10830 ||| Stepping ~*~*~tactically~*~*~ (hiding).
 10945 | Lair:2   | 10945 ||| INVOKING Berserk.
 11130 | Lair:2   | 11130 ||| INVOKING Berserk.
 11246 | Lair:2   | Reached skill level 9 in Armour
 11281 | Lair:2   | Found a staircase to the Shoals.
 11348 | Lair:2   | 11348 ||| Stepping ~*~*~tactically~*~*~ (stealth).
 11351 | Lair:2   | Noticed a death yak
 11359 | Lair:2   | 11359 ||| INVOKING Berserk.
 11368 | Lair:2   | Killed a death yak
 11532 | Lair:2   | 11532 ||| INVOKING Berserk.
 11650 | Lair:2   | 11650 ||| Stepping ~*~*~tactically~*~*~ (stealth).
 11710 | Lair:2   | 11710 ||| READING scroll of enchant armour.
 11710 | Lair:2   | 11710 ||| ENCHANTING +0 pair of gloves.
 11985 | Lair:2   | 11985 ||| READING 2 scrolls labelled EPENAC WOENIRA.
 11986 | Lair:2   | 11986 ||| READING 6 scrolls of identify.
 11986 | Lair:2   | 11986 ||| IDENTIFYING white potion
 11987 | Lair:2   | 11987 ||| DROPPING scroll of poison.
 11988 | Lair:2   | 11988 ||| DROPPING potion of berserk rage.
 11989 | Lair:2   | 11989 ||| READING 4 scrolls of teleportation.
 11996 | Lair:3   | Noticed a five-headed hydra
 11997 | Lair:3   | 11997 ||| INVOKING Brothers in Arms.
 11998 | Lair:3   | 11998 ||| STAIRDANCE
 12000 | Lair:2   | 12000 ||| INVOKING Brothers in Arms.
 12001 | Lair:2   | 12001 ||| SWAPPING to +0 morningstar.
 12002 | Lair:2   | 12002 ||| INVOKING Berserk.
 12005 | Lair:2   | Killed a five-headed hydra
 12006 | Lair:2   | Reached skill level 12 in Fighting
 12072 | Lair:2   | 12072 ||| SWAPPING to +3 war axe.
 12075 | Lair:3   | 12075 ||| STAIRDANCE
 12089 | Lair:3   | 12089 ||| INVOKING Berserk.
 12108 | Lair:3   | Noticed Sonja
 12113 | Abyss:1  | Cast into level 1 of the Abyss (Sonja)
 12144 | Abyss:1  | Noticed a tentacled starspawn
 12144 | Abyss:1  | 12144 ||| Stepping ~*~*~tactically~*~*~ (stealth).
 12151 | Abyss:1  | 12151 ||| INVOKING Berserk.
 12160 | Abyss:1  | Killed a tentacled starspawn
 12161 | Abyss:1  | Reached XP level 12. HP: 81/112 MP: 11/11
 12162 | Abyss:1  | 12162 ||| INVOKING Trog's Hand.
 12210 | Abyss:1  | Noticed a starcursed mass
 12212 | Abyss:1  | 12212 ||| Stepping ~*~*~tactically~*~*~ (hiding).
 12229 | Abyss:1  | Killed a starcursed mass
 12230 | Abyss:1  | Killed a starcursed mass
 12231 | Abyss:1  | 12231 ||| INVOKING Trog's Hand.
 12295 | Abyss:1  | 12295 ||| Stepping ~*~*~tactically~*~*~ (stealth).
 12383 | Abyss:1  | 12383 ||| Stepping ~*~*~tactically~*~*~ (stealth).
 12391 | Abyss:1  | 12391 ||| Stepping ~*~*~tactically~*~*~ (stealth).
 12395 | Abyss:1  | 12395 ||| Stepping ~*~*~tactically~*~*~ (stealth).
 12397 | Abyss:1  | 12397 ||| Stepping ~*~*~tactically~*~*~ (stealth).
 12447 | Abyss:1  | 12447 ||| INVOKING Berserk.
 12489 | Abyss:1  | 12489 ||| Stepping ~*~*~tactically~*~*~ (stealth).
 12515 | Abyss:1  | 12515 ||| Stepping ~*~*~tactically~*~*~ (stealth).
 12517 | Abyss:1  | 12517 ||| Stepping ~*~*~tactically~*~*~ (stealth).
 12521 | Abyss:1  | 12521 ||| Stepping ~*~*~tactically~*~*~ (stealth).
 12522 | Abyss:1  | 12522 ||| Stepping ~*~*~tactically~*~*~ (stealth).
 12533 | Abyss:1  | 12533 ||| DRINKING 3 potions of curing.
 12533 | Abyss:1  | 12533 ||| (to cure confusion)
 12626 | Abyss:1  | 12626 ||| INVOKING Berserk.
 12640 | Abyss:1  | 12640 ||| INVOKING Trog's Hand.
 12683 | Abyss:1  | 12683 ||| Stepping ~*~*~tactically~*~*~ (stealth).
 12684 | Abyss:1  | 12684 ||| Stepping ~*~*~tactically~*~*~ (stealth).
 12695 | Abyss:1  | 12695 ||| INVOKING Trog's Hand.
 12758 | Abyss:1  | 12758 ||| Stepping ~*~*~tactically~*~*~ (stealth).
 12763 | Abyss:1  | 12763 ||| Stepping ~*~*~tactically~*~*~ (hiding).
 12780 | Abyss:1  | 12780 ||| Stepping ~*~*~tactically~*~*~ (stealth).
 12793 | Abyss:1  | Noticed a tentacled starspawn
 12794 | Abyss:1  | 12794 ||| Stepping ~*~*~tactically~*~*~ (stealth).
 12795 | Abyss:1  | 12795 ||| Stepping ~*~*~tactically~*~*~ (stealth).
 12795 | Abyss:1  | Noticed a reaper
 12800 | Abyss:1  | 12800 ||| INVOKING Berserk.
 12805 | Abyss:1  | HP: 43/172 [poisoned by a reaper]
 12807 | Abyss:1  | Killed a reaper
 12808 | Abyss:1  | Reached skill level 12 in Armour
 12809 | Abyss:1  | HP: 21/172 [small abomination (9)]
 12811 | Abyss:1  | HP: 10/115 [poisoned by a reaper]
 12812 | Lair:3   | Escaped the Abyss
 12812 | Lair:3   | HP: 1/115 [Sonja/+0 dagger of distortion (6)]
 12812 | Lair:3   | Demolished by Sonja

Levels and vault maps discovered:
D:1:      onia_arrival_pyramid, layout_loops_ring
D:2:      layout_basic, basic_altar, nicolae_ecumenical_pavilion
D:3:      layout_loops_ring, mainiacjoe_overflow_small_starburst,
          xom_confusion_cloud, kennysheep_slug_shrine,
          minmay_misc_feat_more_columns
D:4:      layout_cave_pools, zin_treasury, mainiacjoe_overflow_24_doors,
          minmay_temple_entry_glassed_door, chequers_ossuary_entry_cave,
          serial_shops, shop, minmay_diced_spiral
D:5:      layout_basic, nicolae_wu_jian_wuxing_cycle, minmay_holes,
          st_stairs_11, uniq_sigmund
D:6:      layout_loops_corners, minmay_three_doors, uniq_grinder, uniq_edmund,
          uniq_pikel
D:7:      layout_rooms, mainiacjoe_overflow_surrounded_room, minivault_25
D:8:      layout_loops_corners, gammafunk_temple_overflow_claw,
          grunt_lair_entry_orc_guard_hut, enter_bailey_5, serial_shops, shop,
          nicolae_transmutations_shop, uniq_maurice
Lair:1:   layout_small_grid, lemuel_oklob_altar, uniq_nergalle
Lair:2:   layout_chaotic_city, minmay_shoals_entry_lonely_mermaid
Lair:3:   layout_gridlike, spider_nest_entry_web_field, serial_bayou_shore_a,
          lemuel_fruit_fields, serial_bayou_shore_b, uniq_sonja, uniq_gastronok

Skill      XL: |  1  2  3  4  5  6  7  8  9 10 11 12 |
---------------+-------------------------------------+-----
Axes           | 4 5 6 7 8 10 12 13 15 16 | 16.0
Armour         | 3 4 5 7 8 10 12 | 12.1
Fighting       | 4 5 6 8 9 12 13 | 13.0
Throwing       | 2 |  2.0
Shields        | 4 5 8 |  8.2
Dodging        | 3 4 5 |  5.1

Action                   |  1- 3 |  4- 6 |  7- 9 | 10-12 || total
-------------------------+-------+-------+-------+-------++-------
Melee: Hand axe          |    96 |    90 |   150 |       ||   336
       Headbutt          |     8 |    16 |    43 |    81 ||   148
       Unarmed           |       |       |     6 |       ||     6
       War axe           |       |       |    32 |   355 ||   387
       Morningstar       |       |       |       |     3 ||     3
Throw: Boomerang         |       |       |    45 |    55 ||   100
Invok: Berserk           |     1 |     4 |     8 |    16 ||    29
       Trog's Hand       |       |       |     1 |     4 ||     5
       Brothers in Arms  |       |       |       |     1 ||     1
  Use: Scroll            |     6 |     5 |    10 |     7 ||    28
       Potion            |       |       |     3 |     2 ||     5
Armor: Animal skin       |     8 |       |       |       ||     8
       Plate armour      |    25 |    40 |    70 |   122 ||   257
Dodge: Dodged            |    57 |    20 |    47 |    72 ||   196
Block: Other             |     7 |     9 |    12 |       ||    28
       Reflection        |       |     1 |     5 |     1 ||     7
       Buckler           |       |       |    20 |   113 ||   133

Table legend:
 A = Non-vault XP
 B = Vault XP
 C = Vault XP percentage of total XP
 D = Non-vault monster count
 E = Vault monster count
 F = Vault count percentage of total count
                 A         B        C        D         E       F
            +---------+---------+-------+---------+---------+-------
      Total |   26829 |    4823 |  15.2 |     223 |      34 |  13.2
            +---------+---------+-------+---------+---------+-------
        D:1 |      43 |       0 |   0.0 |      23 |       0 |   0.0
        D:2 |      36 |       0 |   0.0 |      14 |       0 |   0.0
        D:3 |      84 |      30 |  26.3 |       7 |       8 |  53.3
        D:4 |     260 |       3 |   1.1 |      18 |       2 |  10.0
        D:5 |     733 |     367 |  33.4 |      24 |       4 |  14.3
        D:6 |     170 |    1456 |  89.5 |       4 |       6 |  60.0
        D:7 |    1435 |       0 |   0.0 |      20 |       0 |   0.0
        D:8 |    1710 |    1172 |  40.7 |      41 |      11 |  21.2
     Lair:1 |    4893 |    1321 |  21.3 |      15 |       2 |  11.8
     Lair:2 |    7459 |     474 |   6.0 |      30 |       1 |   3.2
     Lair:3 |      51 |       0 |   0.0 |       1 |       0 |   0.0
    Abyss:1 |    9955 |       0 |   0.0 |      26 |       0 |   0.0
            +---------+---------+-------+---------+---------+-------
